 Dungeon Crawl Stone Soup version 0.29-a0-330-g52719c12eb (webtiles) character file.

Game seed: 15868093235229001262

48 dohliylev the Grasshopper (level 3, -2/35 HPs)
             Began as a Troll Warper on May 30, 2022.
             Slain by Crazy Yiuf
             ... wielding a +2 quarterstaff of chaos
              (15 damage)
             ... on level 2 of the Dungeon.
             The game lasted 00:01:57 (1286 turns).

dohliylev the Grasshopper (Troll Warper)            Turns: 1286, Time: 00:01:58

Health: -2/35      AC:  6    Str: 21    XL:     3   Next: 50%
Magic:  2/4        EV: 10    Int:  9    God:
Gold:   79         SH:  0    Dex:  9    Spells: 2/4 levels left

rFire   . . .      SeeInvis .     - Unarmed
rCold   . . .      Faith    .   (no shield)
rNeg    . . .      Spirit   .   a - +0 robe
rPois   .          Reflect  .   (helmet restricted)
rElec   .          Harm     .   l - +1 cloak
rCorr   .          Rampage  .   (gloves unavailable)
Will    .....                   (boots unavailable)
Stlth   +.........              (no amulet)
HPRegen 0.91/turn               (no ring)
MPRegen 0.09/turn               (no ring)

@: on blink cooldown
A: large, unfitting armour, claws 3, regeneration 1, shaggy fur 1, tough skin 1
a: no special abilities


You were on level 2 of the Dungeon.
You visited 1 branch of the dungeon, and saw 2 of its levels.

You collected 79 gold pieces.

Inventory:

Missiles
 c - 7 boomerangs of dispersal (quivered)
Armour
 a - a +0 robe (worn)
 l - a +1 cloak (worn)
Scrolls
 b - a scroll of blinking
 e - 2 scrolls of magic mapping {unknown}
 g - a scroll of summoning {unknown}
 h - 4 scrolls of noise {unknown}
 j - a scroll of teleportation {unknown}
 k - a scroll of identify {unknown}
 o - a scroll of amnesia {unknown}
Potions
 d - a potion of curing {unknown}
 f - 3 potions of cancellation {unknown}
 i - a potion of might {unknown}
 m - a potion of invisibility {unknown}
 n - a potion of heal wounds {unknown}
 p - a potion of brilliance {unknown}
 q - a potion of berserk rage {unknown}


   Skills:
 * Level 1.8 Fighting
 + Level 0.8 Throwing
 + Level 2.1 Dodging
 + Level 2.2 Unarmed Combat
 + Level 1.4 Spellcasting
 + Level 2.9 Translocations


You had 2 spell levels left.
You knew the following spells:

 Your Spells              Type           Power      Damage    Failure   Level
a - Blink                 Tloc           10%        N/A       16%         2

Your spell library contained the following spells:

 Spells                   Type           Power      Damage    Failure   Level
 Magic Dart               Conj           0%         1d3       34%         1
 Call Imp                 Summ           0%         N/A       47%         2
 Gell's Gravitas          Tloc           5%         N/A       32%         3
 Lesser Beckoning         Tloc           5%         N/A       32%         3
 Teleport Other           Tloc           5%         N/A       32%         3
 Mephitic Cloud           Conj/Pois/Air  0%         N/A       71%         3
 Manifold Assault         Tloc           5%         N/A       96%         5


Dungeon Overview and Level Annotations

Branches:
Dungeon (2/15)

Altars:

Annotations:
D:2 Crazy Yiuf


Innate Abilities, Weirdness & Mutations

You are too large for most types of armour.
You have claws for hands.
Your natural rate of healing is unusually fast.
You are covered in fur. (AC +1)
You have tough skin. (AC +1)


Message History

You open the door.
There is an open door here.
A worm comes into view.
You scratch the worm.
The worm is lightly wounded.
You barely miss the worm.
The worm is lightly wounded.
The worm bites you!
Casting: Blink (safe; 16% risk of failure)
Confirm with . or Enter, or press ? or * to list all spells.
You blink.
You feel stable enough to blink again.
You scratch the worm.
The worm is moderately wounded.
The worm barely misses you.
You completely miss the worm.
The worm is moderately wounded.
You claw the worm! You claw the worm.
You kill the worm!
You start resting.
Magic restored.
You see here a worm corpse.
There is an open door here.
You now have 73 gold pieces (gained 14).
You now have 79 gold pieces (gained 6).
You open the door.
Found a mace.
Found a runed translucent door.
Crazy Yiuf shouts!
Crazy Yiuf sings, "Trees, trees, trees, circus!"
You open the door. You claw Crazy Yiuf!
Crazy Yiuf is moderately wounded.
Crazy Yiuf hits you with a +2 quarterstaff of chaos!
You are electrocuted!
Casting: Blink (safe; 16% risk of failure)
Confirm with . or Enter, or press ? or * to list all spells.
You blink.
Crazy Yiuf yells, "Pitchfork!"
Crazy Yiuf hits you with a +2 quarterstaff of chaos!
You die...

.....###.....+....##)####.#.###..
.....# #.....#.##.##.............
#'##.# ##################.#......
#.##.# #........ #.##.#
###........ #.##.###♣♣ #####
##.......... #.##.....♣♣ ♣♣#..)#
#......#.... #.........♣♣♣♣§g...#
#......#.##. #..........♣..♣#@..#
#......#.... #.........♣.♣♣♣#####
#.#.##.#.##. #.....##♣♣♣♣♣
#........... #.....# ###.........
#.....##### ###...........
#........... #..........###
#........... ##..........#
#.#################......######
#.#### #............########


You could see Crazy Yiuf.

Vanquished Creatures
  A gnoll (D:1)
  A worm (D:2)
  2 dart slugs
  A bat (D:2)
  3 endoplasms
  3 hobgoblins
  6 kobolds
  A quokka (D:1)
  3 ball pythons
  2 frilled lizards (D:1)
  3 goblins
  5 rats
31 creatures vanquished.

Notes
Turn   | Place    | Note
-------+----------+-------------------------------------------
     0 | D:1      | dohliylev the Troll Warper began the quest for the Orb.
     0 | D:1      | Reached XP level 1. HP: 19/19 MP: 1/1
    99 | D:1      | Reached XP level 2. HP: 27/27 MP: 2/2
   596 | D:1      | Found a faded altar of an unknown god.
   769 | D:2      | Reached XP level 3. HP: 33/33 MP: 4/4
   845 | D:2      | Learned a level 2 spell: Blink
  1280 | D:2      | Found a runed translucent door.
  1281 | D:2      | Noticed Crazy Yiuf
  1286 | D:2      | Slain by Crazy Yiuf

Illustrated notes

Levels and vault maps discovered:
D:1:      sevenhm_arrival_forest_fort_small_5, layout_loops_ring,
          shapermc_ecumenical_altar_mp_ritualfount, bh_walls_and_bars
D:2:      layout_basic, serial_bayou_pond_d, uniq_crazy_yiuf_cottage

Skill      XL: |  1 |
---------------+----+-----
Dodging        | 2 |  2.1
Fighting       | |  1.8
Throwing       | |  0.8
Unarmed Combat | |  2.2
Spellcasting   | |  1.4
Translocations | |  2.9

Action                   || total
-------------------------++-------
Melee: Unarmed           ||    82
       Punch             ||     2
 Cast: Blink             ||     4
 Stab: Sleeping          ||     1
Armor: Robe              ||    29
Dodge: Dodged            ||    34

Table legend: (Time is in decaauts)
 A = Elapsed time spent in this place.
 B = Non-inter-level travel time spent in this place.
 C = Inter-level travel time spent in this place.
 D = Time resting spent in this place.
 E = Time spent auto-exploring this place.
 F = Levels seen in this place.
 G = Mean time per level.
                   A        B        C        D        E       F      G
               +--------+--------+--------+--------+--------+-----+--------+
         Total |   1287 |   1255 |     32 |     22 |    987 |   2 |  643.5 |
       Dungeon |   1287 |   1255 |     32 |     22 |    987 |   2 |  643.5 |
               +--------+--------+--------+--------+--------+-----+--------+

Top non-repeatable levels by time:
     D:1: 737 daAuts
     D:2: 550 daAuts
